 Dungeon Crawl Stone Soup version 0.25-a0-108-gda8bd6c (webtiles) character file.

Game seed: 7632268548846307867, levelgen mode: deterministic

24 silenth the Bolt Thrower (level 3, -1/22 HPs)
             Began as a Kobold Hunter on Nov 17, 2019.
             Slain by an adder (3 damage)
             ... on level 2 of the Dungeon.
             The game lasted 00:02:21 (1109 turns).

silenth the Bolt Thrower (Kobold Hunter)            Turns: 1109, Time: 00:02:21

Health: -1/22      AC:  7    Str: 10    XL:     3   Next: 15%
Magic:  3/3        EV: 11    Int: 12    God:
Gold:   50         SH:  0    Dex: 15    Spells: 2/2 levels left

rFire    . . .     SeeInvis .   l - -3 whip (curse)
rCold    . . .     Gourm    .   (shield restricted)
rNeg     . . .     Faith    .   f - +1 scale mail (curse)
rPois    .         Spirit   .   (no helmet)
rElec    .         Reflect  .   (no cloak)
rCorr    .         Harm     .   (no gloves)
MR       .....                  (no boots)
Stlth    ..........             (no amulet)
HPRegen  0.07/turn              (no ring)
MPRegen  0.08/turn              (no ring)

@: lethally poisoned (-1 -> -7)
A: small, carnivore
a: no special abilities


You were on level 2 of the Dungeon.
You were not hungry.

You visited 1 branch of the dungeon, and saw 2 of its levels.

You collected 50 gold pieces.

Inventory:

Hand Weapons
 a - a +1 hand crossbow
 b - a +0 short sword
 l - a cursed -3 whip (weapon)
Missiles
 d - 20 bolts
Armour
 c - a +0 leather armour
 f - a cursed +1 scale mail (worn)
Scrolls
 h - a scroll of random uselessness {unknown}
 i - a scroll of teleportation {unknown}
Potions
 j - a potion of brilliance
 k - a potion of flight
Comestibles
 e - 2 rations


   Skills:
 + Level 2.7 Fighting
 * Level 5.6 Crossbows
 - Level 2.4 Dodging
 - Level 1.3 Stealth


You had 2 spell levels left.
You didn't know any spells.
Your spell library was empty.

Dungeon Overview and Level Annotations

Branches:
Dungeon (2/15)

Altars:


Innate Abilities, Weirdness & Mutations

You are small and have problems with some larger weapons.
You are carnivorous and can eat meat at any time.


Message History

The adder is severely wounded.
You feel sick. The adder bites you.
* * * LOW HITPOINT WARNING * * *
The adder barely misses you.
You closely miss the adder.
The adder is severely wounded.
* * * LOW HITPOINT WARNING * * *
You feel sick. The adder bites you but does no damage.
You hit the adder but do no damage.
The adder is severely wounded.
The adder misses you. The adder bites you but does no damage.
Your scale mail prevents you from hitting the adder.
The adder is severely wounded.
* * * LOW HITPOINT WARNING * * *
You feel sick. The adder bites you but does no damage.
You barely miss the adder.
The adder is severely wounded.
* * * LOW HITPOINT WARNING * * *
You feel sick. The adder bites you.
You die...

# #.
#..#####
#......##
#.####..#
##.# #<#
#S###
#.@.#####
###.....##.
#......)..
#..........
#..........
#.....?....
#..........
#..........
#..........


You could see an adder.

Vanquished Creatures
  An ooze (D:1)
  2 ball pythons
  2 goblins
  4 kobolds
  6 bats
  3 frilled lizards
  3 rats (D:1)
21 creatures vanquished.

Notes
Turn   | Place    | Note
-------+----------+-------------------------------------------
     0 | D:1      | silenth the Kobold Hunter began the quest for the Orb.
     0 | D:1      | Reached XP level 1. HP: 12/12 MP: 1/1
   358 | D:1      | Reached skill level 5 in Crossbows
   473 | D:1      | Reached XP level 2. HP: 13/18 MP: 2/2
  1026 | D:2      | Reached XP level 3. HP: 22/22 MP: 3/3
  1100 | D:2      | HP: 2/22 [adder (2)]
  1109 | D:2      | HP: 2/22 [poisoned by an adder]
  1109 | D:2      | Slain by an adder

Levels and vault maps discovered:
D:1:      minmay_arrival_nine_rooms, layout_loops_corners
D:2:      layout_rooms, nemelex_altar_shiori, nicolae_overflow_hidden_temple,
          lemuel_crystal_altar, uniq_jessica

Skill      XL: |  1 |
---------------+----+-----
Crossbows      | 5 |  5.6
Fighting       | |  2.7
Dodging        | |  2.4
Stealth        | |  1.3

Action                   || total
-------------------------++-------
Melee: Short sword       ||    59
       Whip              ||    88
  Use: Scroll            ||     4
       Potion            ||     1
 Stab: Sleeping          ||     1
  Eat: Chunk             ||     3
Armor: Scale mail        ||    77
       Leather armour    ||     1
Dodge: Dodged            ||   108

Table legend:
 A = Non-vault XP
 B = Vault XP
 C = Vault XP percentage of total XP
 D = Non-vault monster count
 E = Vault monster count
 F = Vault count percentage of total count
                 A         B        C        D         E       F
            +---------+---------+-------+---------+---------+-------
      Total |      35 |       0 |   0.0 |      21 |       0 |   0.0
            +---------+---------+-------+---------+---------+-------
        D:1 |      26 |       0 |   0.0 |      14 |       0 |   0.0
        D:2 |       9 |       0 |   0.0 |       7 |       0 |   0.0
            +---------+---------+-------+---------+---------+-------
